 Dungeon Crawl Stone Soup version 0.29-a0-472-ge5599a681e (webtiles) character file.

Game seed: 11571941066544329541

11 croobank the Firebug (level 2, -1/20 HPs)
             Began as a Demigod Fire Elementalist on May 22, 2022.
             Slain by a quokka (2 damage)
             ... on level 2 of the Dungeon.
             The game lasted 00:02:28 (1211 turns).

croobank the Firebug (Demigod Fire Elementalist)    Turns: 1211, Time: 00:02:29

Health: -1/20      AC:  2    Str:  9    XL:     2   Next: 6%
Magic:  5/7        EV: 12    Int: 17    God:
Gold:   57         SH:  0    Dex: 14    Spells: 1/4 levels left

rFire   . . .      SeeInvis .   k - +0 mace
rCold   . . .      Faith    .   d - orb {mayhem}
rNeg    . . .      Spirit   .   a - +0 robe
rPois   .          Reflect  .   (no helmet)
rElec   .          Harm     .   (no cloak)
rCorr   .          Rampage  .   (no gloves)
Will    .....                   (no boots)
Stlth   ++........              (no amulet)
HPRegen 0.06/turn               (no ring)
MPRegen 0.10/turn               (no ring)

@: no status effects
A: high MP 1, forlorn, divine attributes
a: no special abilities


You were on level 2 of the Dungeon.
You visited 1 branch of the dungeon, and saw 2 of its levels.

You collected 57 gold pieces.

Inventory:

Hand Weapons
 k - a +0 mace (weapon)
 l - a +0 whip
Missiles
 c - a throwing net
 m - 5 stones
Armour
 a - a +0 robe (worn)
 d - an orb of mayhem (worn)
 j - a +0 ring mail
 o - the +6 chain mail of the Equinox {rC- rCorr Slay+3}
   (You found it on level 2 of the Dungeon)

   Slay:      It affects your accuracy & damage with ranged weapons and melee
   (+3).
   rC:        It makes you vulnerable to cold.
   rCorr:     It protects you from acid and corrosion.
Scrolls
 e - a scroll of enchant armour {unknown}
 f - a scroll of enchant weapon {unknown}
 g - 2 scrolls of identify {unknown}
 h - a scroll of vulnerability {unknown}
 i - 3 scrolls of teleportation {unknown}
Potions
 b - a potion of magic
 n - a potion of ambrosia {unknown}


   Skills:
 + Level 2.0 Dodging
 + Level 2.0 Stealth
 + Level 1.9 Spellcasting
 + Level 1.1 Conjurations
 + Level 2.8 Fire Magic


You had one spell level left.
You knew the following spells:

 Your Spells              Type           Power      Damage    Failure   Level
a - Foxfire               Conj/Fire      32%        2x1d5     9%          1
b - Scorch                Fire           22%        2d6       9%          2

Your spell library contained the following spells:

 Spells                   Type           Power      Damage    Failure   Level
 Conjure Flame            Conj/Fire      8%         6-21      26%         3
 Inner Flame              Hex/Fire       6%         N/A       32%         3
 Flame Wave               Conj/Fire      8%         2d5       63%         4


Dungeon Overview and Level Annotations

Branches:
Dungeon (2/15)


Innate Abilities, Weirdness & Mutations

You have an increased reservoir of magic. (+10% MP)
You shall have no god before yourself.
Your divine heritage dramatically boosts your attributes as you level up.


Message History

Confirm with . or Enter, or press ? or * to list all spells.
Okay, then.
Casting: Scorch (safe; 9% risk of failure)
Confirm with . or Enter, or press ? or * to list all spells.
You conjure some foxfire!
A gnoll comes into view. It is wielding a +0 spear.
The gnoll barely misses you. The quokka attacks as you move away!
The quokka bites you.
The foxfire hits the gnoll.
The gnoll is moderately wounded.
The foxfire hits the gnoll.
The gnoll is heavily wounded.
The gnoll barely misses you. The quokka closely misses you.
The quokka attacks as you move away! The quokka barely misses you.
Casting: Foxfire (safe; 9% risk of failure)
Confirm with . or Enter, or press ? or * to list all spells.
You conjure some foxfire!
The quokka bites you.
You hit the quokka but do no damage.
The foxfire hits the gnoll.
The gnoll is moderately wounded.
The foxfire hits the quokka but does no damage.
The gnoll closely misses you. The quokka bites you.
The gnoll hits you but does no damage. The quokka barely misses you.
The quokka bites you. The gnoll attacks as you move away!
The gnoll closely misses you. The quokka attacks as you move away!
The quokka closely misses you. The quokka bites you.
* * * LOW HITPOINT WARNING * * *
The quokka attacks as you move away! The quokka bites you.
* * * LOW HITPOINT WARNING * * *
Found a leather armour.
The quokka attacks as you move away! The quokka bites you.
* * * LOW HITPOINT WARNING * * *
The quokka bites you but does no damage.
The quokka attacks as you move away! The quokka bites you.
* * * LOW HITPOINT WARNING * * *
Casting: Foxfire (safe; 9% risk of failure)
Confirm with . or Enter, or press ? or * to list all spells.
You conjure some foxfire!
The quokka bites you.
You die...

#.# #### #.# . ..
...######.#####.##+###..
##.#........g.#........
#.#..###.#.#g##.....##
#.#..##..#.#.#.......##
##.#..#.....#..........#
...............r.......+
##.#..#...#.#..v@......#
...#..#..##.#.#..v[...##
####........#.##.....##
##.......(.###...##
###.####### #+## #.# #


You could see 2 gnolls and a quokka (ally target).

Vanquished Creatures
  An endoplasm (D:1)
  A giant cockroach (D:1)
  2 hobgoblins (D:1)
  2 kobolds (D:1)
  A quokka (D:2)
  A bat (D:1)
  2 frilled lizards
10 creatures vanquished.

Vanquished Creatures (collateral kills)
  A rat (D:1)
1 creature vanquished.

Vanquished Creatures (others)
  24 foxfires
24 creatures vanquished.

Grand Total: 35 creatures vanquished

Notes
Turn   | Place    | Note
-------+----------+-------------------------------------------
     0 | D:1      | croobank the Demigod Fire Elementalist began the quest for
                  | the Orb.
     0 | D:1      | Reached XP level 1. HP: 14/14 MP: 5/5
   201 | D:1      | Reached skill level 1 in Conjurations
  1063 | D:2      | Reached XP level 2. HP: 16/20 MP: 7/7
  1066 | D:2      | Learned a level 2 spell: Scorch
  1135 | D:2      | Identified the +6 chain mail of the Equinox {rC- rCorr
                  | Slay+3}
  1209 | D:2      | HP: 1/20 [quokka (2)]
  1211 | D:2      | Slain by a quokka

Illustrated notes

Levels and vault maps discovered:
D:1:      minmay_arrival_stone_box, layout_loops_ring, st_stairs_5
D:2:      layout_loops_corners, shapermc_ecumenical_altar_ellora

Skill      XL: |  1 |
---------------+----+-----
Conjurations   | 1 |  1.1
Stealth        | 2 |  2.0
Dodging        | 2 |  2.0
Spellcasting   | |  1.9
Fire Magic     | |  2.8

Action                   || total
-------------------------++-------
Melee: Unarmed           ||    12
       Mace              ||     4
 Cast: Foxfire           ||    14
       Scorch            ||     1
 Stab: Sleeping          ||     2
Armor: Robe              ||     7
Dodge: Dodged            ||    29

Table legend: (Time is in decaauts)
 A = Elapsed time spent in this place.
 B = Non-inter-level travel time spent in this place.
 C = Inter-level travel time spent in this place.
 D = Time resting spent in this place.
 E = Time spent auto-exploring this place.
 F = Levels seen in this place.
 G = Mean time per level.
                   A        B        C        D        E       F      G
               +--------+--------+--------+--------+--------+-----+--------+
         Total |   1211 |   1191 |     20 |      0 |   1034 |   2 |  605.5 |
       Dungeon |   1211 |   1191 |     20 |      0 |   1034 |   2 |  605.5 |
               +--------+--------+--------+--------+--------+-----+--------+

Top non-repeatable levels by time:
     D:1: 1008 daAuts
     D:2: 203 daAuts
